AoeStats
← Rebel.

Arena

508429738Analyzed
4v4 RM · 10d ago on Sep 22, 2026· 46m 43s· 8 players
Game mode
Random Map
Map size
Large (8 player)
Population
200
Speed
Normal
Resources
Standard
Victory
Conquest
Starting age
Dark Age
Ending age
Imperial Age
RankedLock teamsTeams togetherTeam positionsShared explorationLock speedFull tech treeHidden civsTurbo modeCheats
Victory
Defeat
🇨🇳 Khmer · China
964
+13
🇨🇳 Huns · China
961
+13
🇨🇳 Spanish · China
961
+13
🇨🇳 Persians · China
905
+16
🇨🇴 Bohemians · Colombia
912
-14
🇨🇳 Persians · China
905
-14
🇫🇷 Huns · France
904
-14
🇩🇪 Cumans · Germany
885
-13
farigs4
10:46 Feudal Age
11:31 Double-Bit Axe
12:50 Wheelbarrow
13:42 Loom
16:29 Horse Collar
16:44 Stone Mining
16:52 Gold Mining
21:40 Castle Age
24:52 Hand Cart
26:51 Bow Saw
31:13 Imperial Age
29:31 Scale Barding Armor
29:37 Forging
29:32 Marauders
31:12 Chain Barding Armor
31:07 Bloodlines
31:07 Husbandry
31:52 Iron Casting
31:57 Gold Shaft Mining
31:27 Heavy Plow
33:25 Elite Tarkan
34:45 Conscription
36:28 Blast Furnace
36:23 Plate Barding Armor
37:01 Pikeman
37:47 Scale Mail Armor
39:19 Halberdier
41:14 Chain Mail Armor
Efra9035
10:59 Feudal Age
12:30 Horse Collar
12:38 Double-Bit Axe
14:50 Scale Mail Armor
15:00 Forging
14:26 Man-at-Arms
24:32 Castle Age
25:24 Bow Saw
25:17 Heavy Plow
28:17 Wagenburg Tactics
29:43 Chemistry
28:23 Treadmill Crane
29:05 Ballistics
29:40 Pikeman
30:20 Squires
31:15 Long Swordsman
32:24 Loom
36:26 Imperial Age
37:12 Wheelbarrow
36:25 Town Watch
37:36 Masonry
37:08 Elite Skirmisher
38:13 Hand Cart
38:00 Town Patrol
40:09 Two-Man Saw
39:23 Halberdier
40:05 Fletching
40:31 Chain Mail Armor
40:52 Iron Casting
40:17 Padded Archer Armor
42:07 Bodkin Arrow
观音的害怕
12:41 Feudal Age
13:48 Horse Collar
14:51 Double-Bit Axe
17:13 Castle Age
18:20 Bow Saw
18:20 Heavy Plow
28:52 Imperial Age
27:32 Wheelbarrow
26:58 Gold Mining
27:22 Forging
27:18 Scale Barding Armor
28:28 Gold Shaft Mining
28:46 Iron Casting
29:15 Cavalier
30:54 Savar
35:05 Capped Ram
Mistăr
0:40 Loom
11:00 Feudal Age
14:48 Arson
24:11 Castle Age
22:47 Forging
25:52 Double-Bit Axe
25:49 Horse Collar
26:54 Gold Mining
31:19 Iron Casting
30:51 Scale Barding Armor
31:34 Bloodlines
31:36 Light Cavalry
33:02 Wheelbarrow
33:20 Elite Skirmisher
34:49 Fletching
35:09 Thumb Ring
37:21 Bodkin Arrow
40:28 Chain Barding Armor
41:33 Squires
40:53 Pikeman
43:15 Steppe Husbandry
45:12 Murder Holes
泰达津布曲
12:32 Feudal Age
14:25 Double-Bit Axe
15:09 Forging
15:37 Bloodlines
17:43 Horse Collar
Rebel.
10:26 Loom
12:37 Feudal Age
13:01 Horse Collar
13:10 Double-Bit Axe
14:07 Wheelbarrow
19:50 Castle Age
17:59 Gold Mining
17:59 Stone Mining
21:04 Hand Cart
22:07 Heavy Plow
22:19 Bow Saw
23:09 Scale Barding Armor
23:15 Forging
24:32 Husbandry
24:42 Bloodlines
25:45 Bloodlines
27:54 Gold Shaft Mining
31:33 Chain Barding Armor
31:49 Iron Casting
32:11 Caravan
35:20 Imperial Age
32:55 Padded Archer Armor
33:41 Stone Shaft Mining
33:53 Fletching
37:09 Plate Barding Armor
37:35 Blast Furnace
36:52 Leather Archer Armor
37:34 Crop Rotation
38:09 Two-Man Saw
37:09 Bodkin Arrow
37:49 Conscription
37:49 Guilds
37:30 Elite War Elephant
37:38 Elite War Elephant
39:08 Citadels
39:30 Cavalier
44:25 Ring Archer Armor
闲挂月
10:58 Feudal Age
14:46 Castle Age
13:23 Double-Bit Axe
13:24 Horse Collar
15:54 Bow Saw
16:31 Heavy Plow
22:06 Wheelbarrow
23:47 Hand Cart
24:05 Stone Mining
25:40 Stone Shaft Mining
25:38 Gold Mining
32:30 Imperial Age
30:14 Forging
30:10 Scale Barding Armor
31:03 Gold Shaft Mining
32:44 Iron Casting
32:30 Chain Barding Armor
32:44 Elite Ballista Elephant
34:29 Double Crossbow
35:12 Conscription
37:38 Chemistry
37:00 Ballistics
37:03 Light Cavalry
37:53 Bloodlines
37:44 Husbandry
38:23 Plate Barding Armor
38:16 Tusk Swords
40:22 Blast Furnace
秋绥冬禧
11:30 Feudal Age
11:57 Double-Bit Axe
11:56 Horse Collar
15:36 Stone Mining
15:44 Gold Mining
18:33 Castle Age
19:58 Bow Saw
19:54 Heavy Plow
21:02 Stone Shaft Mining
21:14 Wheelbarrow
20:48 Padded Archer Armor
27:49 Ballistics
30:21 Imperial Age
30:29 Elite Conquistador
31:35 Conscription
31:37 Leather Archer Armor
32:35 Chemistry
33:46 Ring Archer Armor
38:47 Hand Cart
Connection lost

Rejoining the realm…

Still unreachable

The connection could not be restored.

Session expired

The server has moved on; the page needs a fresh start.